PCL
ALBUQUERQUE ISOTOPES @ SPOKANE TRAPPERS
09/04/2028
 
TOP OF THE 1ST
Albuquerque Isotopes batting - Pitching for Spokane Trappers : RHP Júlio Quintana
Pitching: RHP Júlio Quintana
Batting: LHB Burt Ward 0-0: Foul Ball, location: 2F
0-1: Called Strike
0-2: Strikes out swinging
Batting: RHB Eric Knight 0-0: Called Strike
0-1: Called Strike
0-2: Ball
1-2: Ball
2-2: Strikes out swinging
Batting: LHB Ken Nelson 0-0: Ground out 3-1 (Groundball, 34S)
Top of the 1st over - 0 run(s), 0 hit(s), 0 error(s), 0 left on base; Albuquerque 0 - Spokane 0
BOTTOM OF THE 1ST
Spokane Trappers batting - Pitching for Albuquerque Isotopes : LHP Sean Perry
Pitching: LHP Sean Perry
Batting: RHB Octávio Zúńiga 0-0: Foul Ball, location: 2F
0-1: Ball
1-1: Ball
2-1: Ball
3-1: Called Strike
3-2: Foul Ball, location: 2F
3-2: Fly out, F9 (Flyball, 9LS)
Batting: RHB John Craig 0-0: Called Strike
0-1: Ball
1-1: Ground out 5-3 (Groundball, 56)
Batting: RHB Enrique Soto 0-0: Called Strike
0-1: Ground out 6-3 (Groundball, 56)
Bottom of the 1st over - 0 run(s), 0 hit(s), 0 error(s), 0 left on base; Albuquerque 0 - Spokane 0
TOP OF THE 2ND
Albuquerque Isotopes batting - Pitching for Spokane Trappers : RHP Júlio Quintana
Batting: RHB Sam Wallace 0-0: Ground out 4-3 (Groundball, 4)
Batting: LHB Phil Neal 0-0: Ball
1-0: Called Strike
1-1: Ground out 1-3 (Groundball, 13S)
Batting: RHB Mike Ingram 0-0: Ball
1-0: Ball
2-0: Called Strike
2-1: Foul Ball, location: 2F
2-2: Ball
3-2: Ground out 6-3 (Groundball, 6M)
Top of the 2nd over - 0 run(s), 0 hit(s), 0 error(s), 0 left on base; Albuquerque 0 - Spokane 0
BOTTOM OF THE 2ND
Spokane Trappers batting - Pitching for Albuquerque Isotopes : LHP Sean Perry
Batting: RHB Enrico Rodríguez 0-0: Ball
1-0: SINGLE (Groundball, 56D)
Batting: RHB Tony Hernández 0-0: Swinging Strike
0-1: Ball
Wild Pitch!
Enrico Rodríguez to second
1-1: Ball
2-1: Foul Ball, location: 2F
2-2: Strikes out swinging
Batting: RHB António Martínez 0-0: Called Strike
0-1: Swinging Strike
0-2: Ball
1-2: Ball
2-2: Ball
3-2: Foul Ball, location: 2F
3-2: Strikes out swinging
Batting: LHB Will Hill 0-0: Swinging Strike
0-1: Ball
1-1: Ball
2-1: Foul Ball, location: 2F
2-2: Strikes out swinging
Bottom of the 2nd over - 0 run(s), 1 hit(s), 0 error(s), 1 left on base; Albuquerque 0 - Spokane 0
TOP OF THE 3RD
Albuquerque Isotopes batting - Pitching for Spokane Trappers : RHP Júlio Quintana
Batting: RHB Arturo García 0-0: Swinging Strike
0-1: Ball
1-1: Bunt for hit - play at first, batter OUT! 1-3
Batting: LHB Pedro Cruz 0-0: Swinging Strike
0-1: Swinging Strike
0-2: Ball
1-2: Strikes out swinging
Batting: RHB Dave Mullen 0-0: DOUBLE (Line Drive, 9LS)
Batting: LHB Burt Ward 0-0: Ball
1-0: Foul Ball, location: 2F
1-1: Swinging Strike
1-2: Strikes out swinging
Top of the 3rd over - 0 run(s), 1 hit(s), 0 error(s), 1 left on base; Albuquerque 0 - Spokane 0
BOTTOM OF THE 3RD
Spokane Trappers batting - Pitching for Albuquerque Isotopes : LHP Sean Perry
Batting: RHB Enrique Mendoza 0-0: Fly out, F8 (Flyball, 8LD)
Batting: LHB Pedro Camacho 0-0: Called Strike
0-1: Foul Ball, location: 2F
0-2: Strikes out swinging
Batting: RHB Octávio Zúńiga 0-0: Called Strike
0-1: Ball
1-1: Foul Ball, location: 2F
1-2: Ground out 4-3 (Groundball, 4)
Bottom of the 3rd over - 0 run(s), 0 hit(s), 0 error(s), 0 left on base; Albuquerque 0 - Spokane 0
TOP OF THE 4TH
Albuquerque Isotopes batting - Pitching for Spokane Trappers : RHP Júlio Quintana
Batting: RHB Eric Knight 0-0: Ball
1-0: Called Strike
1-1: Ball
2-1: Swinging Strike
2-2: Foul Ball, location: 2F
2-2: Foul Ball, location: 2F
2-2: Ball
3-2: Ground out 4-3 (Groundball, 34)
Batting: LHB Ken Nelson 0-0: Called Strike
0-1: SINGLE (Flyball, 8RS)
Batting: RHB Sam Wallace 0-0: Ball
1-0: Ball
2-0: Called Strike
2-1: Ball
3-1: Called Strike
3-2: Foul Ball, location: 2F
3-2: Foul Ball, location: 2F
3-2: Base on Balls
Ken Nelson to second
Batting: LHB Phil Neal 0-0: Foul Ball, location: 2F
0-1: Foul Ball, location: 2F
0-2: Foul Ball, location: 2F
0-2: Foul Ball, location: 2F
0-2: Foul Ball, location: 2F
0-2: Foul Ball, location: 2F
0-2: Foul Ball, location: 2F
0-2: Ball
1-2: Ball
2-2: Foul Ball, location: 2F
2-2: Grounds into double play, 3-6-1 (Groundball, 34)
Top of the 4th over - 0 run(s), 1 hit(s), 0 error(s), 1 left on base; Albuquerque 0 - Spokane 0
BOTTOM OF THE 4TH
Spokane Trappers batting - Pitching for Albuquerque Isotopes : LHP Sean Perry
Batting: RHB John Craig 0-0: Called Strike
0-1: Swinging Strike
0-2: Ball
1-2: Fly out, F8 (Flyball, 8LM)
Batting: RHB Enrique Soto 0-0: Ball
1-0: Ground out 4-3 (Groundball, 4)
Batting: RHB Enrico Rodríguez 0-0: DOUBLE (Line Drive, 78D)
Batting: RHB Tony Hernández 0-0: SINGLE (Groundball, 4S) (infield hit)
Enrico Rodríguez to third
Batting: RHB António Martínez 0-0: Ball
1-0: Called Strike
1-1: Swinging Strike
1-2: Strikes out looking
Bottom of the 4th over - 0 run(s), 2 hit(s), 0 error(s), 2 left on base; Albuquerque 0 - Spokane 0
TOP OF THE 5TH
Albuquerque Isotopes batting - Pitching for Spokane Trappers : RHP Júlio Quintana
Batting: RHB Mike Ingram 0-0: Foul Ball, location: 2F
0-1: Ball
1-1: Called Strike
1-2: Ball
2-2: Fly out, F8 (Flyball, 78XD)
Batting: RHB Arturo García 0-0: Ball
1-0: Ball
2-0: SINGLE (Groundball, 4D)
Batting: LHB Pedro Cruz 0-0: Ball
1-0: Reached on error, E3 (Groundball, 3L)
Arturo García to second
Batting: RHB Dave Mullen 0-0: Ball
1-0: Called Strike
1-1: Ball
2-1: Called Strike
2-2: Grounds into double play, 4-6-3 (Groundball, 4)
Top of the 5th over - 0 run(s), 1 hit(s), 1 error(s), 1 left on base; Albuquerque 0 - Spokane 0
BOTTOM OF THE 5TH
Spokane Trappers batting - Pitching for Albuquerque Isotopes : LHP Sean Perry
Batting: LHB Will Hill 0-0: Ball
1-0: Ball
2-0: Fly out, F8 (Flyball, 78S)
Batting: RHB Enrique Mendoza 0-0: Called Strike
0-1: Ball
1-1: SINGLE (Line Drive, 56D)
Batting: LHB Pedro Camacho 0-0: Ball
1-0: Called Strike
1-1: Ball
2-1: Swinging Strike
2-2: Foul Ball, location: 2F
2-2: Fielders Choice at 2nd, 4-6 (Groundball, 4)
Now at SS: Luis Martínez
Batting: RHB Octávio Zúńiga 0-0: Ball
Pedro Camacho is caught stealing 2nd base
Bottom of the 5th over - 0 run(s), 1 hit(s), 0 error(s), 0 left on base; Albuquerque 0 - Spokane 0
TOP OF THE 6TH
Albuquerque Isotopes batting - Pitching for Spokane Trappers : RHP Júlio Quintana
Batting: LHB Burt Ward 0-0: Called Strike
0-1: Ground out 4-3 (Groundball, 4)
Batting: RHB Eric Knight 0-0: SOLO HOME RUN (Flyball, 9LD), Distance : 347 ft
Batting: LHB Ken Nelson 0-0: Foul Ball, location: 2F
0-1: Fly out, F7 (Flyball, 7LSF)
Batting: RHB Luis Martínez 0-0: Ball
1-0: Fly out, F8 (Line Drive, 89M)
Top of the 6th over - 1 run(s), 1 hit(s), 0 error(s), 0 left on base; Albuquerque 1 - Spokane 0
BOTTOM OF THE 6TH
Spokane Trappers batting - Pitching for Albuquerque Isotopes : LHP Sean Perry
Batting: RHB Octávio Zúńiga 0-0: Ball
1-0: Fly out, F7 (Line Drive, 7S)
Batting: RHB John Craig 0-0: Called Strike
0-1: Ball
1-1: Fly out, F9 (Flyball, 89M)
Batting: RHB Enrique Soto 0-0: DOUBLE (Line Drive, 9LM)
Batting: RHB Enrico Rodríguez 0-0: Swinging Strike
0-1: Ball
1-1: Ball
2-1: Swinging Strike
2-2: Ball
3-2: Ground out 4-3 (Groundball, 4)
Bottom of the 6th over - 0 run(s), 1 hit(s), 0 error(s), 1 left on base; Albuquerque 1 - Spokane 0
TOP OF THE 7TH
Albuquerque Isotopes batting - Pitching for Spokane Trappers : RHP Júlio Quintana
Batting: LHB Phil Neal 0-0: Called Strike
0-1: DOUBLE (Line Drive, 7LM)
Batting: RHB Mike Ingram 0-0: Ball
1-0: Foul Ball, location: 2F
1-1: Foul Ball, location: 2F
1-2: Foul Ball, location: 2F
1-2: Strikes out swinging
Pinch Hitting: LHB Juan Carlos Sánchez 0-0: Intentional Walk
Pitching: LHP Júlio Hernández
Batting: LHB Pedro Cruz 0-0: Ball
1-0: Ball
2-0: SINGLE (Line Drive, 89S)
Phil Neal to third
Juan Carlos Sánchez to second
Runner from 3rd tries for Home, SAFE, throw made home
Juan Carlos Sánchez to third
Pedro Cruz to second
Pinch Hitting: RHB Juan Vareas 0-0: Intentional Walk
Pinch Hitting: RHB Víctor Solano 0-0: Ball
1-0: SINGLE (Line Drive, 89S)
Juan Carlos Sánchez scores
Pedro Cruz to third
Juan Vareas to second
Runner from 3rd tries for Home, SAFE, no throw
Batting: RHB Eric Knight 0-0: Ball
1-0: Called Strike
1-1: Ball
2-1: Ball
3-1: Swinging Strike
3-2: Strikes out looking
Batting: LHB Ken Nelson 0-0: Ball
1-0: Foul Ball, location: 2F
1-1: Fielders Choice at 2nd, 6-4 (Groundball, 6)
Top of the 7th over - 3 run(s), 3 hit(s), 0 error(s), 1 left on base; Albuquerque 4 - Spokane 0
BOTTOM OF THE 7TH
Spokane Trappers batting - Pitching for Albuquerque Isotopes : LHP Sean Perry
Now at 2B: Dave McGrath
Now in LF: Víctor Solano
Now in CF: Martín López
Batting: RHB Tony Hernández 0-0: Called Strike
0-1: Fly out, F6 (Popup, 5D)
Batting: RHB António Martínez 0-0: Called Strike
0-1: Ground out 5-3 (Groundball, 56)
Batting: LHB Will Hill 0-0: Fly out, F4 (Line Drive, 4M)
Bottom of the 7th over - 0 run(s), 0 hit(s), 0 error(s), 0 left on base; Albuquerque 4 - Spokane 0
TOP OF THE 8TH
Albuquerque Isotopes batting - Pitching for Spokane Trappers : LHP Júlio Hernández
Batting: RHB Luis Martínez 0-0: Called Strike
0-1: Ball
1-1: Ball
2-1: Foul Ball, location: 2F
2-2: Strikes out swinging
Batting: LHB Phil Neal 0-0: Ball
1-0: Ball
2-0: Foul Ball, location: 2F
2-1: Ground out 5-3 (Groundball, 56S)
Batting: RHB Mike Ingram 0-0: SINGLE (Line Drive, 89S)
Batting: RHB Dave McGrath 0-0: Ball
1-0: Called Strike
1-1: Ball
2-1: Called Strike
2-2: Strikes out swinging
Top of the 8th over - 0 run(s), 1 hit(s), 0 error(s), 1 left on base; Albuquerque 4 - Spokane 0
BOTTOM OF THE 8TH
Spokane Trappers batting - Pitching for Albuquerque Isotopes : LHP Sean Perry
Batting: RHB Enrique Mendoza 0-0: Ball
1-0: Foul Ball, location: 2F
1-1: Called Strike
1-2: Ball
2-2: Foul Ball, location: 2F
2-2: Ball
3-2: Foul Ball, location: 2F
3-2: Foul Ball, location: 2F
3-2: Base on Balls
Batting: LHB Pedro Camacho 0-0: 2-RUN HOME RUN (Line Drive, 89XD), Distance : 400 ft
Batting: RHB Octávio Zúńiga 0-0: Ground out 5-3 (Groundball, 56)
Batting: RHB John Craig 0-0: Called Strike
0-1: Ball
1-1: Foul Ball, location: 2F
1-2: Ball
2-2: DOUBLE (Line Drive, 9LS)
Batting: RHB Enrique Soto 0-0: Fly out, F8 (Flyball, 8LD)
Runner from 2nd tags up, SAFE at 3rd, no throw
Batting: RHB Enrico Rodríguez 0-0: Ball
1-0: Called Strike
1-1: Swinging Strike
1-2: Foul Ball, location: 2F
1-2: Ball
2-2: Strikes out looking
Bottom of the 8th over - 2 run(s), 2 hit(s), 0 error(s), 1 left on base; Albuquerque 4 - Spokane 2
TOP OF THE 9TH
Albuquerque Isotopes batting - Pitching for Spokane Trappers : LHP Júlio Hernández
Pitching: LHP Steve Paredes
Batting: LHB Pedro Cruz 0-0: Called Strike
0-1: Ball
1-1: DOUBLE (Line Drive, 78M)
Batting: RHB Martín López 0-0: Ball
1-0: Ground out 6-3 (Groundball, 56)
Batting: RHB Víctor Solano 0-0: Foul Ball, location: 2F
0-1: Ball
1-1: Fly out, F2 (Popup, 25)
Batting: RHB Eric Knight 0-0: Called Strike
0-1: Foul Ball, location: 2F
0-2: Ball
1-2: SINGLE (Groundball, 34S) (infield hit)
Pedro Cruz to third
Batting: LHB Ken Nelson 0-0: Called Strike
0-1: Swinging Strike
0-2: Ball
1-2: Strikes out swinging
Top of the 9th over - 0 run(s), 2 hit(s), 0 error(s), 2 left on base; Albuquerque 4 - Spokane 2
BOTTOM OF THE 9TH
Spokane Trappers batting - Pitching for Albuquerque Isotopes : LHP Sean Perry
Batting: RHB Tony Hernández 0-0: Swinging Strike
0-1: Reached on error, E5 (Groundball, 5S)
Pinch Hitting: RHB Clyde Kelley 0-0: Fly out, F8 (Line Drive, 8LM)
Batting: LHB Will Hill 0-0: Called Strike
0-1: Foul Ball, location: 2F
0-2: Ball
1-2: Foul Ball, location: 2F
1-2: Ball
2-2: Strikes out swinging
Batting: RHB Enrique Mendoza 0-0: Called Strike
0-1: Ball
1-1: Swinging Strike
1-2: Ball
2-2: Foul Ball, location: 2F
2-2: Ball
3-2: Foul Ball, location: 2F
3-2: Base on Balls
Pinch Hitting: RHB Toru Nakanishi 0-0: Ball
1-0: Ball
2-0: Ball
3-0: Base on Balls
Tony Hernández to third
Enrique Mendoza to second
Pitching: LHP Alberto Ruíz
Batting: RHB Octávio Zúńiga 0-0: Ball
1-0: Fly out, F7 (Flyball, 78M)
Bottom of the 9th over - 0 run(s), 0 hit(s), 1 error(s), 3 left on base; Albuquerque 4 - Spokane 2
Tuesday, August 8th, 2017 - OOTP Baseball 17.12 Build 75